 Dungeon Crawl Stone Soup version 0.25.1-8-g42b30a86e7 (webtiles) character file.

Game seed: 10597041601094424232

284 hawla the Conjurer (level 6, -2/45 HPs)
             Began as a Draconian Conjurer on Dec 17, 2020.
             Slain by an ogre
             ... wielding a +0 giant spiked club
              (18 damage)
             ... on level 4 of the Dungeon.
             The game lasted 00:11:14 (4467 turns).

hawla the Conjurer (Draconian Conjurer)             Turns: 4467, Time: 00:11:15

Health: -2/45      AC:  6    Str: 10    XL:     6   Next: 7%
Magic:  1/9        EV: 14    Int: 17    God:
Gold:   141        SH:  0    Dex: 12    Spells: 2/9 levels left

rFire    . . .     SeeInvis .   (no weapon)
rCold    . . .     Gourm    .   (no shield)
rNeg     . . .     Faith    .   (armour unavailable)
rPois    .         Spirit   .   (helmet restricted)
rElec    .         Reflect  .   (no cloak)
rCorr    .         Harm     .   (no gloves)
MR       .....                  (no boots)
Stlth    ++........             (no amulet)
HPRegen  0.15/turn              (no ring)
MPRegen  0.11/turn              (no ring)

@: no status effects
A: unfitting armour, talons 1, high mp 1, cold-blooded, MP-powered wands, AC +6
a: no special abilities


You were on level 4 of the Dungeon.
You were not hungry.

You visited 1 branch of the dungeon, and saw 5 of its levels.

You collected 141 gold pieces.

Inventory:

Missiles
 c - 5 boomerangs (quivered)
 i - 10 poisoned darts
Jewellery
 e - an uncursed amulet of the acrobat {unknown}
Scrolls
 g - 2 scrolls of remove curse
 j - a scroll of identify
 m - a scroll of enchant armour
Potions
 h - a potion of might
 k - a potion of heal wounds
Comestibles
 b - 8 rations


   Skills:
 - Level 1.0 Throwing
 + Level 4.4 Dodging
 - Level 2.0 Stealth
 - Level 2.0 Spellcasting
 + Level 4.8 Conjurations
 + Level 2.4 Translocations


You had 2 spell levels left.
You knew the following spells:

 Your Spells              Type           Power        Failure   Level  Hunger
a - Magic Dart            Conj           ###.         2%          1    #......
b - Searing Ray           Conj           ###...       4%          2    ###....
c - Iskenderun's Mystic   Conj/Tloc      ##......     41%         4    #####..

Your spell library contained the following spells:

 Spells                   Type           Power        Failure   Level  Hunger
 Dazzling Flash           Conj/Hex       #.....       22%         3    ###....
 Fulminant Prism          Conj/Hex       #.........   58%         4    #####..


Dungeon Overview and Level Annotations

Branches:
Dungeon (5/15)
 Temple: D:4-7

Altars:
Trog
Uskayaw


Innate Abilities, Weirdness & Mutations

Your plain brown scales are hard. (AC +6)
You cannot fit into any form of body armour.
You are cold-blooded and may be slowed by cold attacks.
You have sharp toenails.
You have an increased reservoir of magic. (+10% MP)
You expend magic power (3 MP) to strengthen your wands.


Message History

Confirm with . or Enter, or press ? or * to list all spells.
The spell is extremely dangerous to cast (41% risk of failure)!
Continue anyway?
You erupt in a blast of force!
The mystic blast hits the ogre!
The ogre is moderately wounded.
The ogre hits you with a +0 giant spiked club!
Casting: Iskenderun's Mystic Blast (extremely dangerous; 41% risk of failure)
Confirm with . or Enter, or press ? or * to list all spells.
Aiming: Searing Ray (safe; 4% risk of failure)
Press: ? - help, Shift-Dir - straight line, f - ogre
Aim: an ogre, wielding a +0 giant spiked club (moderately wounded)
The searing ray hits the ogre.
The ogre is heavily wounded. (Press . to maintain the ray.)
The ogre barely misses you.
The searing ray hits the ogre.
The ogre is heavily wounded.
The searing ray hits the ogre!
The ogre is almost dead.
The ogre hits you with a +0 giant spiked club!!
You die...

*,,*,,,*,,,*,,,*,,,*,,
*_,,,,,,,,,,,,,,,,,,,,
*,,*,,,*,,,*,,,*,,,*,,
*,,,,,,,,,,,,,,,,,,,,, ********
*##########*********,, .......#
#........##........., .......#
*#........#.<......., .......#
#........#........., .......#
#..@O...<#........., ...O...#
#........#........., ..(....#
#........#........., .......#
#.....Z..#.........,
.......#############'##.........,
#'###...#....#O.........#######.,
,,,#...#ZO...Z..........#,,,,,*,,
,,,#...#.....#..........+,,,,,*,,
,,,#...#.....#..........#,,,,,+,,


You could see an ogre and a human zombie.

Vanquished Creatures
  A phantom (D:5)
  2 worker ants (D:4)
  5 adders
  2 oozes
  An adder skeleton (D:5)
  4 worms
  4 dart slugs
  2 orcs (D:3)
  6 bats
  9 giant cockroaches
  7 goblins
  6 hobgoblins
  4 jackals
  6 kobolds
  A quokka (D:2)
  A ball python (D:3)
  2 frilled lizards
  14 rats
77 creatures vanquished.

Notes
Turn   | Place    | Note
-------+----------+-------------------------------------------
     0 | D:1      | hawla the Draconian Conjurer began the quest for the Orb.
     0 | D:1      | Reached XP level 1. HP: 14/14 MP: 3/3
    76 | D:1      | Reached skill level 1 in Throwing
   227 | D:1      | Reached XP level 2. HP: 17/20 MP: 0/5
   245 | D:1      | Learned a level 2 spell: Searing Ray
   754 | D:1      | Reached XP level 3. HP: 26/26 MP: 0/6
  1708 | D:2      | Gained mutation: You have sharp toenails. [potion of
                  | mutation]
  1708 | D:2      | Gained mutation: You have an increased reservoir of magic.
                  | (+10% MP) [potion of mutation]
  1708 | D:2      | Gained mutation: You expend magic power (3 MP) to
                  | strengthen your wands. [potion of mutation]
  2356 | D:2      | Reached XP level 4. HP: 30/33 MP: 1/7
  2362 | D:2      | Learned a level 4 spell: Iskenderun's Mystic Blast
  3286 | D:3      | Found a hide-covered altar of Uskayaw.
  3375 | D:3      | Reached skill level 1 in Translocations
  3805 | D:3      | Reached XP level 5. HP: 38/38 MP: 3/8
  3911 | D:3      | Found a bloodstained altar of Trog.
  4228 | D:4      | Noticed an ogre
  4257 | D:5      | Entered Level 5 of the Dungeon
  4257 | D:5      | Noticed a phantom
  4319 | D:5      | Killed a phantom
  4319 | D:5      | Reached XP level 6. HP: 23/45 MP: 0/9
  4467 | D:4      | Slain by an ogre

Illustrated notes

Levels and vault maps discovered:
D:1:      wander_arrival_fairy_ring, layout_basic, minmay_tromino_v7
D:2:      layout_loops_ring
D:3:      lemuel_upstairs_altar, layout_loops_cross, lemuel_doored_altar,
          eat_drink_and_be_merry_uskayaw, first_ration
D:4:      minmay_chambers_of_twos, layout_gridville,
          lemuel_coloured_pillars_altar, nicolae_ossuary_entry_catacombs,
          minmay_misc_feat_five
D:5:      layout_rooms, lemuel_blue_sif_altar

Skill      XL: |  1  2  3  4  5 |
---------------+----------------+-----
Throwing       | 1 |  1.0
Stealth        | 2 |  2.0
Dodging        | 2 3 4 |  4.4
Translocations | 1 2 |  2.4
Spellcasting   | |  2.0
Conjurations   | |  4.8

Action                   |  1- 3 |  4- 6 || total
-------------------------+-------+-------++-------
Melee: Unarmed           |    48 |    39 ||    87
       Tailslap          |     2 |     5 ||     7
       Kick              |     2 |     8 ||    10
Throw: Boomerang         |       |     5 ||     5
 Cast: Magic Dart        |    53 |    41 ||    94
       Searing Ray       |    15 |    22 ||    37
       Iskenderun's Myst |       |     1 ||     1
  Use: Scroll            |     6 |     6 ||    12
       Potion            |     3 |     3 ||     6
  Eat: Chunk             |     3 |     9 ||    12
       Ration            |     1 |       ||     1
Armor: Skin              |    15 |    16 ||    31
Dodge: Dodged            |    34 |    61 ||    95
